[Event "*** Titled Tuesday Blitz"]
[Site "Chess.com"]
[Date "2021.02.09"]
[Round "9"]
[White "sorrm8thatscheckm8"]
[Black "vinniethepooh"]
[Result "1-0"]
[WhiteElo "2611"]
[BlackElo "2744"]
[TimeControl "180+1"]
[EndTime "11:44:51 PST"]
[Termination "sorrm8thatscheckm8 won by resignation"]

1. d4 Nf6 2. c4 e6 3. Nf3 d5 4.
Nc3 c6 5. e3 Nbd7 6. Qc2 Bd6 7.
Bd3 O-O 8. O-O dxc4 9. Bxc4 e5 10. e4 exd4 11. Nxd4 Bxh2+ 12. Kxh2 Ne5 13. Nce2 Nfg4+ 14. Kg1 b5 15. Bb3 Qb6 16. a4 bxa4 17. Rxa4 Ba6 18.
Ba2 Bd3 19. Qb3 Qc5 20. Qc3 Qb6 21. Rb4 Qa6 22. Bf4 Qxa2 23. Bxe5 Nxe5 24. Nf5 Qe6 25. Nf4 Qf6 26. Nxd3 Nxd3 27. Qxd3 Rfd8 28. Qg3 g6 29. Nh6+ Kg7 30. Ng4 Qe7 31. Rc4 Kg8 32. Rxc6 Rd7 33. Qc3 Qe8 34. Nf6+ Kf8 35. Nxe8 1-0

[Event "*** Titled Tuesday Blitz"]
[Site "Chess.com"]
[Date "2021.02.09"]
[Round "9"]
[White "Angel_Hranitel_37"]
[Black "EugeneRougon"]
[Result "0-1"]
[WhiteElo "2506"]
[BlackElo "2717"]
[TimeControl "180+1"]
[EndTime "11:44:51 PST"]
[Termination "EugeneRougon won by resignation"]

1. d4 d6 2. Nf3 g6 3. g3 Bg7 4. Bg2 Nf6 5. O-O O-O 6. c4 Nc6 7. Nc3 e5 8. d5 Ne7 9. e4 a5 10.
Ne1 Nd7 11. Nd3 b6 12. Qe2 f5 13. f4 Nc5 14. fxe5 Nxd3 15. Qxd3 Bxe5 16. Bh6 Rf7 17. Rae1 fxe4 18. Bxe4 Bf5 19. Bg5 Qd7 20. Bxf5 Nxf5 21.
Ne4 Raf8 22. Kg2 Bxb2 23. g4 Ng7 24. h3 Be5 25. Bh4 h6 26. Bg3 Rxf1 27. Rxf1 Rxf1 28. Qxf1 Qe7 29. Bxe5 Qxe5 30. Nf6+ Kh8 31. Qf3 Nf5 32. gxf5 Qxf6 33. fxg6 Qxf3+ 34. Kh2 Kg7 0-1

[Event "*** Titled Tuesday Blitz"]
[Site "Chess.com"]
[Date "2021.02.09"]
[Round "9"]
[White "KetiGrant"]
[Black "Grineva_Marianna"]
[Result "0-1"]
[WhiteElo "2337"]
[BlackElo "2227"]
[TimeControl "180+1"]
[EndTime "11:44:52 PST"]
[Termination "Grineva_Marianna won on time"]

1. e4 c5 2. Nf3 Nc6 3. d4 cxd4 4. Nxd4 Nf6 5. Nc3 g6 6. Nxc6 bxc6 7. e5 Ng8 8. Bc4 Bg7 9. Qf3 f5 10. exf6 Nxf6 11. O-O d5 12. Bb3 O-O 13. Qe3 Bf5 14. Qc5 Qd7 15. Re1 Rae8 16. Bg5 h6 17. Bh4 Kh7 18.
Rad1 e5 19. Bg3 Nh5 20. Bxe5 Bxe5 21. Rxe5 Rxe5 22. Qxf8 Nf4 23. Qf6 Re6 24. Qd4 g5 25. g3 Nh3+ 26. Kg2 Qe7 27. Qd2 Qf6 28. f3 Re7 29. Na4 Bc8 30. Nc5 g4 31. f4 Qf5 32. Re1 Qf6 33. Qd3+ Kg7 34. Rxe7+ Qxe7 35. Qd4+ Kf7 0-1

[Event "*** Titled Tuesday Blitz"]
[Site "Chess.com"]
[Date "2021.02.09"]
[Round "9"]
[White "Anna_ChessMate"]
[Black "platy3"]
[Result "0-1"]
[WhiteElo "2569"]
[BlackElo "2841"]
[TimeControl "180+1"]
[EndTime "11:44:53 PST"]
[Termination "platy3 won on time"]

1. d4 Nf6 2. c4 c5 3. e3 g6 4. b3 Bg7 5. Bb2 O-O 6. Nd2 cxd4 7.
exd4 d5 8. Ngf3 b6 9. Be2 Bb7 10.
O-O Nbd7 11. Rc1 dxc4 12. Nxc4 Nd5 13. Nfe5 N7f6 14. Bf3 Rc8 15. Re1 Re8 16. g3 b5 17.
Ne3 Qd6 18. Ng2 Rxc1 19. Qxc1 Rc8 20. Qd2 Rc7 21. Nd3 e6 22. Nc5 Ba8 23. Ne3 Nd7 24.
Ne4 Qb6 25. Nxd5 Bxd5 26. Qf4 Rc2 27. Ng5 Bf6 28. Bxd5 exd5 29. Ba3 Qxd4 30. Re8+ Kg7 31. Re7 Qxf4 32. Rxf7+ Kg8 33. gxf4 Bxg5 34. Rxd7 Bxf4 35. Rxd5 Rxa2 36. Bc5 a6 37. Rd8+ Kg7 38. Bd4+ Kh6 39. Kg2 Rd2 40. Kf3 Bg5 41. Rd5 Rd3+ 42. Kg4 Rxb3 43.
Rxg5 Rb4 0-1

[Event "*** Titled Tuesday Blitz"]
[Site "Chess.com"]
[Date "2021.02.09"]
[Round "9"]
[White "Fandorine"]
[Black "Vincent_Vega95"]
[Result "1-0"]
[WhiteElo "2854"]
[BlackElo "2726"]
[TimeControl "180+1"]
[EndTime "11:44:54 PST"]
[Termination "Fandorine won on time"]

1. e4 c5 2. Nf3 d6 3. d4 cxd4 4. Nxd4 Nf6 5. Nc3 a6 6. a3 e6 7.
Bd3 g6 8. O-O Bg7 9. Kh1 O-O 10.
f4 Nbd7 11. Nb3 b5 12. Qe2 Qc7 13. Bd2 Bb7 14. Rae1 Bc6 15. Qf2 Nb6 16. Qh4 Nc4 17. Bc1 Rae8 18. Nd4 Bb7 19. Nf3 Qc5 20. Nd1 Qh5 21. Qg3 d5 22. e5 Ne4 23. Bxe4 dxe4 24. Ng5 f6 25. exf6 Bxf6 26. Ne3 Nxe3 27. Qxe3 Bxg5 28.
fxg5 Rf5 29. h3 Qh4 30. Rxf5 gxf5 31. Rf1 Bd5 32. b3 Rc8 33. Rf2 Qh5 34. Kh2 Qd1 35. g6 hxg6 36. Bb2 Rxc2 37. Qh6 Kf7 38. Qg7+ Ke8 39.
Bf6 1-0

[Event "*** Titled Tuesday Blitz"]
[Site "Chess.com"]
[Date "2021.02.09"]
[Round "9"]
[White "The_Machine04"]
[Black "VFernandezB"]
[Result "0-1"]
[WhiteElo "2457"]
[BlackElo "2348"]
[TimeControl "180+1"]
[EndTime "11:44:54 PST"]
[Termination "VFernandezB won by checkmate"]

1. d4 Nf6 2. Bg5 Ne4 3. Bf4 c5 4. f3 Qa5+ 5. c3 Nf6 6. d5 Qb6 7. Bc1 e6 8. e4 exd5 9. exd5 Bd6 10. Na3 O-O 11. Bd3 Re8+ 12. Ne2 Bf8 13. Nc4 Qc7 14. Ne3 d6 15. Kf2 a6 16. a4 Nbd7 17. g4 Ne5 18. Bc2 c4 19. Nd4 Bd7 20. h4 Qc5 21.
Ndf5 Nexg4+ 22. fxg4 g6 23. Nd4 Nxd5 24. Nxd5 Qxd5 25.
Qf3 Qc5 26. Bd2 Bc6 27. Qf4 Bxh1 28. Rxh1 Bg7 29. h5 b5 30. hxg6 fxg6 31. Kg2 Rf8 32.
Qe4 Rae8 33. Qb7 Rf7 34. Qxa6 Bxd4 35. cxd4 Qd5+ 36. Kg3 Qf3+ 37. Kh4 Qxh1+ 38. Kg5 h6+ 39. Kxg6 Re6# 0-1

[Event "*** Titled Tuesday Blitz"]
[Site "Chess.com"]
[Date "2021.02.09"]
[Round "9"]
[White "woodhy"]
[Black "mikolka1985"]
[Result "0-1"]
[WhiteElo "2460"]
[BlackElo "2603"]
[TimeControl "180+1"]
[EndTime "11:44:55 PST"]
[Termination "mikolka1985 won by resignation"]

1. e4 e5 2. Nf3 Nc6 3. Bb5 a6 4. Bxc6 dxc6 5. O-O Qf6 6. d3 Ne7 7. Be3 Ng6 8. Nbd2 c5 9. Qe2 Bd6 10. Rfe1 O-O 11. Rad1 Qe6 12. Nc4 Be7 13. a4 b6 14.
c3 f6 15. d4 exd4 16. cxd4 cxd4 17. Bxd4 Bb7 18. b3 Bb4 19. Nfd2 Rfe8 20. f3 Rad8 21.
Be3 f5 22. exf5 Qxf5 23. Qf2 Be7 24. Nf1 Rxd1 25. Rxd1 Bd5 26. Ng3 Qf7 27. Qc2 b5 28. axb5 axb5 29. Nd2 Bf8 30. Bf2 Nf4 31. Nge4 Qg6 32.
Bg3 Ne2+ 33. Kf2 Nxg3 34. hxg3 Bd6 35. Nxd6 Qxc2 36. Nxe8 Qxd1 37. Ke3 c5 38. Nc7 Qe1+ 39. Kd3 Bf7 40. Nxb5 Qf2 41. g4 Bg6+ 42. Kc3 Qe3+ 0-1

[Event "*** Titled Tuesday Blitz"]
[Site "Chess.com"]
[Date "2021.02.09"]
[Round "9"]
[White "malakismayil"]
[Black "awesomevishesh"]
[Result "0-1"]
[WhiteElo "2372"]
[BlackElo "2499"]
[TimeControl "180+1"]
[EndTime "11:44:56 PST"]
[Termination "awesomevishesh won by checkmate"]

1. e4 c5 2. Nf3 d6 3. d4 cxd4 4. Nxd4 Nf6 5. Nc3 a6 6. Bc4 e6 7. a3 Nc6 8. Nb3 Be7 9. O-O b5 10. Bd3 O-O 11. f4 Bb7 12. Qe2 Qc7 13. Bd2 Nd7 14.
Kh1 Bf6 15. Rae1 Nd4 16. Nxd4 Bxd4 17. f5 exf5 18. Rxf5 Rae8 19. Qg4 g6 20. Rff1 Bg7 21.
Qg3 Ne5 22. Bf4 Re6 23. Nd5 Bxd5 24. exd5 Re7 25. c3 Rfe8 26. Bb1 Nc4 27. Bg5 Rxe1 28. Rxe1 Rxe1+ 29. Qxe1 Be5 30. Bc1 Qd8 31. Bd3 Nb6 32.
Qe4 Qf6 33. Be3 Nd7 34. h3 h5 35. Qf3 Qh4 36. Bf2 Qe7 37. Qe2 Kg7 38. Be4 Qf6 39.
Bf3 Qf4 40. Be3 Qh2# 0-1

[Event "*** Titled Tuesday Blitz"]
[Site "Chess.com"]
[Date "2021.02.09"]
[Round "9"]
[White "Problematique_99"]
[Black "Fortitudine"]
[Result "1-0"]
[WhiteElo "2453"]
[BlackElo "2330"]
[TimeControl "180+1"]
[EndTime "11:44:56 PST"]
[Termination "Problematique_99 won by resignation"]

1. e4 c5 2. Nf3 d6 3. d4 cxd4 4. Nxd4 Nf6 5. Nc3 Nc6 6. Bg5 Bd7 7. Qd2 Rc8 8. O-O-O Nxd4 9. Qxd4 Qa5 10. Bd2 a6 11. Kb1 Qc5 12. Qxc5 Rxc5 13. f3 g6 14. Be3 Rc8 15.
Bd4 Bg7 16. Nd5 e5 17. Be3 Nxd5 18. Rxd5 Ke7 19. Be2 Be6 20. Rd2 Rhd8 21. Rhd1 f6 22. g4 Bf8 23. f4 Kf7 24. f5 Bc4 25. b3 Bxe2 26. Rxe2 Be7 27. c4 Rg8 28. h3 gxf5 29.
exf5 b5 30. cxb5 axb5 31. Rd5 h5 32. gxh5 Rg3 33. Rxb5 Rxh3 34. h6 Rc3 35. Bd2 Rcf3 36.
Rg2 Rxf5 37. a4 Ke6 38. a5 e4 39. Rxf5 Kxf5 40. Kc2 d5 41. Rg7 Bc5 42. Rc7 Bd4 43. Rd7 e3 44. Bc3 Bxc3 45. Kxc3 Ke4 46. h7 e2+ 47. Kd2 d4 48. Re7+ Kd5 49. Kxe2 Kd6 50. Rg7 Kd5 51. a6 Ke4 52. Re7+ Kf5 53. a7 1-0

[Event "*** Titled Tuesday Blitz"]
[Site "Chess.com"]
[Date "2021.02.09"]
[Round "9"]
[White "chesslh19"]
[Black "Manukyan_Artak"]
[Result "1/2-1/2"]
[WhiteElo "2245"]
[BlackElo "2352"]
[TimeControl "180+1"]
[EndTime "11:44:56 PST"]
[Termination "Game drawn by repetition"]

1. e4 c6 2. d4 d5 3. Nd2 dxe4 4. Nxe4 Nf6 5. Nxf6+ exf6 6. Bc4 Bd6 7. Qe2+ Qe7 8.
Qxe7+ Kxe7 9. Ne2 Be6 10. Bd3 Nd7 11. Bf4 Nb6 12. Bxd6+ Kxd6 13. b3 Nd5 14. Kd2 b5 15.
Rhe1 b4 16. c4 bxc3+ 17. Nxc3 Nxc3 18. Kxc3 Bd5 19. g3 h5 20. Be4 a5 21. Bxd5 cxd5 22.
Kd3 h4 23. Rac1 hxg3 24. hxg3 Rh2 25. Re2 a4 26. b4 a3 27. Rb1 Kd7 28. Rb3 Rh1 29.
b5 Rd1+ 30. Rd2 Rxd2+ 31. Kxd2 Kc7 32. Kc3 Ra4 33. Rb4 Ra5 34. b6+ Kb7 35. Kb3 g5 36. g4 f5 37. gxf5 f6 38. Ra4 Rb5+ 39. Rb4 Ra5 40.
Ra4 Rb5+ 41. Rb4 Ra5 1/2-1/2

[Event "*** Titled Tuesday Blitz"]
[Site "Chess.com"]
[Date "2021.02.09"]
[Round "9"]
[White "korkmaz16"]
[Black "VladimirBugayev"]
[Result "1-0"]
[WhiteElo "2415"]
[BlackElo "2284"]
[TimeControl "180+1"]
[EndTime "11:44:57 PST"]
[Termination "korkmaz16 won by resignation"]

1. e4 c6 2. d4 d5 3. Nc3 dxe4 4. Nxe4 Nf6 5. Nxf6+ exf6 6. Bc4 Na6 7. Qe2+ Be7 8. Bxa6 bxa6 9. Nf3 O-O 10. O-O a5 11.
Re1 Bd6 12. Bd2 a4 13. Qc4 a3 14. b3 Be6 15. Qxc6 Bd5 16. Qa6 Bxf3 17. gxf3 Qc7 18. Ba5 Bxh2+ 19. Kg2 Qb8 20. Rad1 Bf4 21. c4 Bh6 22. d5 Qf4 23. Re4 Qg5+ 24. Rg4 Qh5 25. Rh1 Qe5 26. Rxh6 f5 27. Rg5 f6 28. Rg3 Kh8 29. Qb7 Rg8 30. Rxh7+ Kxh7 31. Qf7 Qf4 32. Rh3+ Qh6 33. d6 Raf8 34. Rxh6+ Kxh6 35. Bd2+ g5 36. Qe6 f4 37. d7 Kh5 38. Ba5 g4 39. fxg4+ Kh4 40.
d8=Q Rxd8 41. Bxd8 Rxd8 42. Qxf6+ 1-0

[Event "*** Titled Tuesday Blitz"]
[Site "Chess.com"]
[Date "2021.02.09"]
[Round "9"]
[White "FontVella8"]
[Black "Jospem"]
[Result "0-1"]
[WhiteElo "2577"]
[BlackElo "3019"]
[TimeControl "180+1"]
[EndTime "11:44:58 PST"]
[Termination "Jospem won on time"]

1. e4 c5 2. Nf3 d6 3. d4 cxd4 4.
Nxd4 a6 5. c4 e6 6. Nc3 Nf6 7.
Be3 b6 8. Be2 Bb7 9. f3 h5 10. O-O Nbd7 11. Qd2 Be7 12. Rad1 Rc8 13. b3 O-O 14. Kh1 Qc7 15. Rfe1 Rfd8 16. Bf1 Ne5 17. Qf2 Nfd7 18. h3 b5 19. f4 Ng6 20. f5 Ngf8 21.
Qg3 h4 22. Qf2 Ne5 23. Nf3 Bf6 24. Bb6 Qe7 25. Bxd8 Qxd8 26. Nd4 bxc4 27. b4 Qe7 28. a4 g5 29. b5 a5 30. b6 g4 31. Ndb5 Rd8 32. Be2 Nh7 33. hxg4 Ng5 34. Qf4 Kg7 35.
Rf1 h3 36. g3 d5 37. Kh2 dxe4 38. Rxd8 Qxd8 39. Rd1 Nef3+ 40. Kh1 Qe7 41. Nd6 Bxc3 42.
Nxb7 Be5 43. f6+ Bxf6 44. Qc7 Qa3 45. Nd6 Qb2 46. Ne8+ Kg6 47. Nxf6 Qxe2 0-1

[Event "*** Titled Tuesday Blitz"]
[Site "Chess.com"]
[Date "2021.02.09"]
[Round "9"]
[White "federicosellitti"]
[Black "bugsbunny444"]
[Result "0-1"]
[WhiteElo "2456"]
[BlackElo "2597"]
[TimeControl "180+1"]
[EndTime "11:44:58 PST"]
[Termination "bugsbunny444 won by resignation"]

1. e4 c5 2. Nc3 e6 3. g3 d5 4.
Bg2 dxe4 5. Nxe4 Nd7 6. Ne2 Ngf6 7.
N2c3 Be7 8. O-O O-O 9. d3 Nxe4 10. Nxe4 Nf6 11. Be3 Qb6 12. b4 Qxb4 13. Rb1 Qa5 14. Bg5 Nd5 15. Bxe7 Nxe7 16. Qh5 Nf5 17. Rfe1 Rb8 18. Bh3 Bd7 19. f4 Qc7 20. g4 Nd4 21.
Bg2 b6 22. f5 exf5 23. gxf5 Bxf5 24. Nc3 Bg6 25. Qd1 Rbe8 26. Nd5 Qd8 27. Qd2 h6 28. Kh1 Rxe1+ 29. Rxe1 Re8 30. Rg1 Re5 31. Nf4 Qg5 32.
Bh3 Qxg1+ 33. Kxg1 Nf3+ 34. Kf2 Nxd2 35. d4 Re4 36.
Nd3 Rxd4 37. Ke3 Bxd3 38. cxd3 Nb1 39. Bg2 Nc3 40. Kd2 Nd5 41. Ke2 Nf4+ 0-1

[Event "*** Titled Tuesday Blitz"]
[Site "Chess.com"]
[Date "2021.02.09"]
[Round "9"]
[White "Ekose"]
[Black "ural58"]
[Result "1-0"]
[WhiteElo "2609"]
[BlackElo "2494"]
[TimeControl "180+1"]
[EndTime "11:44:59 PST"]
[Termination "Ekose won on time"]

1. Nf3 d5 2. e3 Nc6 3. c4 dxc4 4.
Bxc4 e5 5. d3 Bd6 6. O-O Nf6 7.
Nbd2 O-O 8. a3 Qe7 9. Qc2 a6 10.
b4 b5 11. Ba2 Bb7 12. Bb2 Rac8 13. Rac1 Nd8 14. Nb3 Bd5 15. Ba1 h6 16. e4 Be6 17.
Nc5 Bxa2 18. Qxa2 a5 19. Rfe1 c6 20. d4 axb4 21. axb4 Bxc5 22. Rxc5 exd4 23. Nxd4 Nd7 24.
Nf5 Qe6 25. Qb2 f6 26. Rc3 Ne5 27. Rg3 Rc7 28. Nxh6+ Kh7 29. Nf5 g6 30. Qe2 Ndf7 31. Nh4 Ng5 32. f4 Nef7 33. Nxg6 Re8 34. fxg5 Kxg6 35.
gxf6+ Ng5 36. h4 Kf7 37. hxg5 Rg8 38. Qh5+ Kf8 39. g6 Qd6 40. Qh6+ Ke8 41. f7+ 1-0

[Event "*** Titled Tuesday Blitz"]
[Site "Chess.com"]
[Date "2021.02.09"]
[Round "9"]
[White "lucachess49"]
[Black "anon481216"]
[Result "1-0"]
[WhiteElo "2360"]
[BlackElo "2459"]
[TimeControl "180+1"]
[EndTime "11:45:00 PST"]
[Termination "lucachess49 won by resignation"]

1. d4 Nf6 2. c4 e5 3. dxe5 Ng4 4. Bf4 Nc6 5. Nf3 Bb4+ 6. Nc3 Qe7 7. Qb3 Na5 8. Qc2 Nxc4 9. a3 Ba5 10. b4 Bb6 11. e3 Ncxe5 12. Nd5 Qe6 13. Nxe5 Nxe5 14. Nxc7+ Bxc7 15. Qxc7 f6 16. Rd1 O-O 17. Bxe5 Qxe5 18. Bc4+ Kh8 19. Qxe5 fxe5 20. Ke2 b6 21. Bd5 Ba6+ 22.
Ke1 Rac8 23. f3 Rc3 24. Kf2 Rc2+ 25. Kg3 Rc3 26. Be4 Rxa3 27. Rxd7 Rxe3 28. Rxa7 Bd3 29. Ra3 Rxe4 30. fxe4 Bxe4 31. Re1 Bc6 32. Rxe5 h6 33. b5 Bd7 34. Ra6 Rf6 35. Ra8+ Kh7 36. Ra7 Bf5 37. h4 h5 38. Ree7 Rg6+ 39. Kh2 Bd3 40. Re5 Kh6 41. Ra8 Kh7 42. Rxh5+ Rh6 43. Rxh6+ Kxh6 44. Rb8 g5 45. Rxb6+ 1-0

[Event "*** Titled Tuesday Blitz"]
[Site "Chess.com"]
[Date "2021.02.09"]
[Round "9"]
[White "Alexander_Zubov"]
[Black "Onischuk_V"]
[Result "0-1"]
[WhiteElo "2969"]
[BlackElo "2850"]
[TimeControl "180+1"]
[EndTime "11:45:01 PST"]
[Termination "Onischuk_V won by resignation"]

1. d4 d6 2. Nf3 g6 3. g3 Bg7 4. Bg2 Nf6 5. O-O O-O 6. c4 Nc6 7. Nc3 e5 8. d5 Nb8 9. e4 a5 10. Ne1 Na6 11. Nd3 Nd7 12. Be3 f5 13. exf5 gxf5 14. f4 Nb6 15. Qb3 e4 16. c5 a4 17. Qb5 Bd7 18. c6 bxc6 19. dxc6 Be6 20. Bxb6 cxb6 21. Nb4 Nc7 22. Qe2 a3 23. Rac1 axb2 24.
Qxb2 d5 25. a4 d4 26. Nb5 d3 27. Qd2 Rxa4 28. Nxc7 Qxc7 29. Kh1 Qd6 30. Rb1 b5 31. g4 Qd4 32. gxf5 Bxf5 33. Rfe1 Re8 34. Re3 Rc8 35. Bh3 Bxh3 36. Rxh3 Ra1 37. Qd1 Rxb1 38. Qxb1 d2 39. Qd1 Qxb4 40. Kg2 Rxc6 41. Qg4 Rg6 0-1

[Event "*** Titled Tuesday Blitz"]
[Site "Chess.com"]
[Date "2021.02.09"]
[Round "9"]
[White "The_filthy"]
[Black "Das_Virus_2020"]
[Result "1-0"]
[WhiteElo "2307"]
[BlackElo "2435"]
[TimeControl "180+1"]
[EndTime "11:45:01 PST"]
[Termination "The_filthy won on time"]

1. e4 e6 2. d4 d5 3. Nc3 Nf6 4. e5 Nfd7 5. f4 c5 6. Nf3 Qb6 7. a3 Nc6 8. Be3 cxd4 9. Nxd4 Bc5 10. Na4 Qa5+ 11. b4 Qxa4 12. bxc5 Nxc5 13. Bb5 Qa5+ 14.
Kf2 Ne4+ 15. Kf3 Bd7 16. Nxc6 bxc6 17. Bd3 f5 18. g4 fxg4+ 19. Kg2 Nc5 20. Bxc5 Qxc5 21.
Qxg4 g6 22. Qg5 Qe7 23. Qh6 Qf8 24. Qg5 c5 25. Rab1 Bc6 26. Rhe1 Qe7 27. Qg3 O-O 28. h4 Kh8 29. Kh2 Qf7 30. Rf1 d4 31. Rbe1 Bd5 32.
Rf2 c4 33. Be4 Rad8 34. Bxd5 Rxd5 35. h5 Qf5 36. hxg6 hxg6 37. Rh1 Kg7 38. Kg1 Rh8 39. Rxh8 Kxh8 40. Qh4+ 1-0

[Event "*** Titled Tuesday Blitz"]
[Site "Chess.com"]
[Date "2021.02.09"]
[Round "9"]
[White "DvaHrasta"]
[Black "m_ezat"]
[Result "0-1"]
[WhiteElo "2420"]
[BlackElo "2562"]
[TimeControl "180+1"]
[EndTime "11:45:02 PST"]
[Termination "m_ezat won on time"]

1. c4 Nf6 2. g3 g6 3. Bg2 Bg7 4.
Nc3 O-O 5. Nf3 c5 6. O-O d5 7. cxd5 Nxd5 8. Nxd5 Qxd5 9. d3 Nc6 10. Be3 Bxb2 11.
Nd4 Qd6 12. Nxc6 Bxa1 13. Nxe7+ Qxe7 14. Qxa1 Bg4 15. Qb2 b6 16. h3 Bf5 17. g4 Bd7 18. Bf3 Rfe8 19. Kg2 Rac8 20. h4 Bc6 21. h5 Qh4 22. hxg6 Qxg4+ 23. Kh2 Qh4+ 24. Kg2 Qg4+ 25. Kh2 Bxf3 26. exf3 Qxf3 27. gxf7+ Kxf7 28. Qb3+ Re6 29. Rg1 c4 30. dxc4 Rcc6 31. c5 bxc5 32. Rg3 Qh5+ 33. Kg2 c4 34. Qb8 Qd5+ 35. Kg1 Re8 0-1

[Event "*** Titled Tuesday Blitz"]
[Site "Chess.com"]
[Date "2021.02.09"]
[Round "9"]
[White "Kaponov"]
[Black "stasiek18"]
[Result "0-1"]
[WhiteElo "2207"]
[BlackElo "2369"]
[TimeControl "180+1"]
[EndTime "11:45:02 PST"]
[Termination "stasiek18 won on time"]

1. d4 Nf6 2. c4 g6 3. Nc3 d5 4.
cxd5 Nxd5 5. e4 Nxc3 6. bxc3 Bg7 7. Be3 c5 8. Qd2 Qa5 9. Rc1 O-O 10. d5 e6 11. c4 Qxd2+ 12. Kxd2 b6 13. Bd3 f5 14. f3 f4 15. Bf2 Nd7 16. Ne2 Ne5 17. Bh4 h6 18.
Kc2 g5 19. Be1 Bd7 20. Bc3 Kf7 21. Rcf1 Rfb8 22. g3 Ba4+ 23. Kd2 fxg3 24. hxg3 Nxd3 25. Kxd3 b5 26. f4 bxc4+ 27. Kxc4 Bb5+ 28. Kxc5 Bxe2 29. fxg5+ Bxf1 30. Rxf1+ Kg6 31. Bxg7 Kxg7 32. dxe6 hxg5 33. Rf7+ Kg6 34. Kd6 Rb6+ 35. Ke5 Re8 36. Rf6+ Kg7 37.
Kf5 Rb5+ 38. e5 Rf8 0-1

[Event "*** Titled Tuesday Blitz"]
[Site "Chess.com"]
[Date "2021.02.09"]
[Round "9"]
[White "OriTaichman"]
[Black "wannabe2700"]
[Result "0-1"]
[WhiteElo "2538"]
[BlackElo "2757"]
[TimeControl "180+1"]
[EndTime "11:45:03 PST"]
[Termination "wannabe2700 won by resignation"]

1. e4 c6 2. d4 d5 3. e5 Bf5 4. Nd2 e6 5. Nb3 Nd7 6. Be3 b6 7. f4 c5 8. Nf3 h6 9. c4 cxd4 10. Nfxd4 Bb4+ 11. Bd2 Bxd2+ 12. Qxd2 dxc4 13. Nxf5 exf5 14.
Bxc4 Nc5 15. Nxc5 Qxd2+ 16. Kxd2 bxc5 17. Rac1 Rb8 18. Rc2 Ne7 19. Bb3 Rb4 20. g3 g5 21.
Rf1 Rg8 22. Rxc5 gxf4 23. Kc3 Re4 24. Rxf4 Rxf4 25. gxf4 Rg4 26. Rc7 Rxf4 27. Rxa7 Re4 28. a4 f4 29. a5 f3 30. Ra6 Rxe5 31. Rf6 Nf5 32. Rxf5 Rxf5 33. Ba4+ Ke7 34. a6 f2 35. a7 Ra5 36. Bb5 Rxa7 37. Bf1 Ra1 38. Kd2 Rxf1 39. Ke2 Rh1 40. Kxf2 Rxh2+ 41. Kg3 Rxb2 42. Kg4 Rb5 43.
Kf4 Rg5 44. Ke4 Kf6 45. Kf4 Kg6 46. Ke4 h5 47. Kf4 h4 48. Ke3 h3 49. Kf4 h2 50.
Ke3 h1=Q 51. Kf4 Qh4+ 0-1

[Event "*** Titled Tuesday Blitz"]
[Site "Chess.com"]
[Date "2021.02.09"]
[Round "9"]
[White "sokidze"]
[Black "frederiksvane"]
[Result "1-0"]
[WhiteElo "2537"]
[BlackElo "2707"]
[TimeControl "180+1"]
[EndTime "11:45:04 PST"]
[Termination "sokidze won by checkmate"]

1. d4 d6 2. e4 Nf6 3. Nc3 g6 4. g3 Bg7 5. Bg2 O-O 6. Nge2 e5 7. h3 Nc6 8. Be3 Re8 9. O-O exd4 10. Nxd4 Bd7 11. Re1 Qc8 12. Kh2 h5 13. Nxc6 bxc6 14. Qd2 Rb8 15. Rab1 c5 16. Bg5 Bc6 17. b3 Nh7 18.
Bf4 Rb4 19. Nd5 Bxd5 20. exd5 Nf6 21. Qd3 a6 22. c3 Rb8 23. Rxe8+ Qxe8 24. Rb2 Qe1 25. Re2 Qa1 26. Qc2 Kf8 27. Bc1 Nd7 28.
Bd2 Bf6 29. Re1 Kg7 30. Rxa1 a5 31. Re1 c4 32. b4 Ra8 33. Re4 Nb6 34. Be3 axb4 35.
cxb4 Nxd5 36. Rxc4 Nxe3 37. fxe3 Ra3 38. Rxc7 Rxe3 39. Qc4 Be5 40. Qxf7+ Kh6 41. Qh7+ Kg5 42. h4+ Kf5 43. Qf7+ Bf6 44. Qd5+ Re5 45. Qf3+ Ke6 46.
Bh3+ Rf5 47. Bxf5+ gxf5 48. Qxh5 Be5 49. Qf7# 1-0

[Event "*** Titled Tuesday Blitz"]
[Site "Chess.com"]
[Date "2021.02.09"]
[Round "9"]
[White "exoticprincess"]
[Black "Azerichess"]
[Result "1/2-1/2"]
[WhiteElo "2859"]
[BlackElo "2979"]
[TimeControl "180+1"]
[EndTime "11:45:05 PST"]
[Termination "Game drawn by repetition"]

1. d4 d5 2. Nc3 c6 3. Bf4 Bf5 4. f3 e6 5. e3 h6 6. g4 Bh7 7.
Bd3 Bxd3 8. Qxd3 Bd6 9. Nge2 Ne7 10. O-O-O Na6 11. Kb1 Qc7 12. Bxd6 Qxd6 13. e4 O-O-O 14.
Qe3 Kb8 15. a3 Nc7 16. h4 h5 17. g5 Ng6 18. e5 Qd7 19. Nf4 Ne7 20. Nd3 Nf5 21.
Qf2 Na6 22. Ne2 b6 23. Ng3 Nxg3 24. Qxg3 c5 25. g6 cxd4 26. Nf4 Rc8 27. Rxd4 Rc6 28. Rh2 Nc7 29. Rg2 Rf8 30. Nxh5 fxg6 31. Nf4 Nb5 32. Rd3 d4 33. Nxg6 Rfc8 34. Qg5 R8c7 35. a4 Nc3+ 36.
bxc3 Rxc3 37. Nf4 Qxa4 38. Qd8+ Kb7 39. Rxc3 dxc3 40. Nd3 Qb5+ 41. Kc1 Rd7 42. Qe8 Qa4 43. Kb1 Qb5+ 44. Kc1 Qa4 45. Kb1 Qb5+ 46. Kc1 1/2-1/2

[Event "*** Titled Tuesday Blitz"]
[Site "Chess.com"]
[Date "2021.02.09"]
[Round "9"]
[White "Dii210"]
[Black "Grandmaster2B"]
[Result "1-0"]
[WhiteElo "2345"]
[BlackElo "2520"]
[TimeControl "180+1"]
[EndTime "11:45:05 PST"]
[Termination "Dii210 won by resignation"]

1. e4 c5 2. Nf3 d6 3. d4 cxd4 4. Nxd4 Nf6 5. Nc3 a6 6. Bg5 Nbd7 7.
f4 Qc7 8. Qe2 e5 9. Nf5 h6 10.
Bxf6 Nxf6 11. O-O-O exf4 12. Nd5 Nxd5 13. exd5+ Kd8 14.
Qe4 g6 15. Nd4 Bg7 16. Qxf4 Be5 17. Qh4+ Qe7 18. Qf2 Bd7 19. Nf3 Kc7 20. Nxe5 Qxe5 21. Qxf7 Raf8 22. Qxg6 Bf5 23. Qg3 Qxg3 24. hxg3 Bg4 25.
Rd2 Re8 26. Bd3 Re3 27. Rf2 Rxg3 28. Re1 Rd8 29. Kd2 h5 30. c4 h4 31. Re3 Bd7 32. Rxg3 hxg3 33. Rf3 Rg8 34. Rf7 Kd8 35. Bf5 Be8 36.
Rxb7 Rf8 37. Bh3 Rf4 38. Kc3 Bh5 39. Rg7 Be2 40. b3 Rf2 41. Rxg3 Bf1 42. Rg8+ Kc7 43.
Rg7+ Kb6 44. Rd7 Bxg2 45. Bxg2 Rxg2 46. Rxd6+ Kb7 47. a4 Rg3+ 48. Kb4 a5+ 49. Ka3 Rxb3+ 1-0

[Event "*** Titled Tuesday Blitz"]
[Site "Chess.com"]
[Date "2021.02.09"]
[Round "9"]
[White "ukchessbomber"]
[Black "ChampStan"]
[Result "0-1"]
[WhiteElo "2414"]
[BlackElo "2241"]
[TimeControl "180+1"]
[EndTime "11:45:05 PST"]
[Termination "ChampStan won by checkmate"]

1. d4 d5 2. c4 e6 3. Nc3 Bb4 4. cxd5 exd5 5. Qa4+ Nc6 6. g3 Nf6 7. Bg2 O-O 8. Nf3 Re8 9. Qc2 Ne4 10. O-O Bf5 11. Nxe4 dxe4 12. Nh4 Bg4 13. Bxe4 Nxd4 14. Bxh7+ Kh8 15. Qc4 c5 16. Qxf7 Nxe2+ 17. Kh1 Rf8 18. Qg6 Qd5+ 19. Qe4 Qxe4+ 20. Bxe4 Rfe8 21. Bxb7 Rab8 22. Bf3 Bh3 23. Bg2 Be6 24. a3 Ba5 25. Ng6+ Kg8 26. Ne5 Nd4 27. Be3 Rxb2 28. Rac1 Bb6 29. Bxd4 cxd4 30.
Rc6 Bb3 31. Rg6 Rxe5 32. Rd6 Re6 33. Rd7 Rf6 34. f4 Re6 35. Bf3 Re3 36. Bg4 d3 37. Bd1 Be6 38. Rd6 Bc5 39. Rd8+ Kh7 40. f5 Bc4 41. Bh5 Kh6 42. Bg6 Kg5 43. Rh8 Bd5+ 44. Kg1 Rxg3# 0-1

[Event "*** Titled Tuesday Blitz"]
[Site "Chess.com"]
[Date "2021.02.09"]
[Round "9"]
[White "Witik"]
[Black "TigrVShlyape"]
[Result "0-1"]
[WhiteElo "2711"]
[BlackElo "2841"]
[TimeControl "180+1"]
[EndTime "11:45:06 PST"]
[Termination "TigrVShlyape won by resignation"]

1. d4 Nf6 2. Bf4 d5 3. e3 c5 4. c3 Nc6 5. Nd2 cxd4 6. exd4 Bf5 7. Ngf3 e6 8. Nh4 Be4 9. Qb3 Bd6 10. Bxd6 Qxd6 11.
Nxe4 Nxe4 12. g3 O-O 13. Bg2 Nf6 14. O-O Rfb8 15. a4 Na5 16. Qc2 a6 17. f4 b5 18.
axb5 axb5 19. f5 e5 20. dxe5 Qxe5 21. Nf3 Qd6 22. Nd4 b4 23. Kh1 Nc4 24. Qf2 bxc3 25.
bxc3 h5 26. Rxa8 Rxa8 27. h3 Rb8 28. Re1 Rb2 29. Re2 Rxe2 30. Nxe2 Qa3 31. Qd4 Qa1+ 32. Kh2 Qe1 33. Nf4 Ne3 34. Qd3 Nfg4+ 35. hxg4 Nxg4+ 36. Kh3 Nf2+ 37. Kh2 Nxd3 38. Nxd3 Qxc3 39. Nf4 d4 40. f6 gxf6 41. Nd5 Qd2 42. Nxf6+ Kh8 43. Ne4 Qe3 44. Nd6 d3 45. Nf5 Qf2 0-1